 Dungeon Crawl Stone Soup version 0.23.2-1-ga50397a (webtiles) character file.

Game seed: 7644375467360141738

148474 Kold the Evangelist (level 17, 0/168 HPs)
             Began as a Hill Orc Monk on Feb 6, 2019.
             Was an Elder of Beogh.
             Slain by a deep elf annihilator
             ... wielding a +0 dagger
              (2 damage)
             ... on level 3 of the Elven Halls on May 9, 2019.
             The game lasted 02:01:25 (30964 turns).

Kold the Evangelist (Hill Orc Monk)                Turns: 30964, Time: 02:01:26

Health: 0/168      AC: 26    Str: 30    XL:     17   Next: 49%
Magic:  28/31      EV: 12    Int: 10    God:    Beogh [****..]
Gold:   881        SH:  2    Dex: 13    Spells: 16/16 levels left

rFire    . . .     SeeInvis .   q - +3 battleaxe (chop)
rCold    . . .     Gourm    .   (shield currently unavailable)
rNeg     . . .     Faith    .   G - +3 scale mail {MR+}
rPois    .         Spirit   .   W - +2 hat {MR+}
rElec    .         Reflect  +   z - scarf {cloud immunity}
rCorr    .         Harm     .   O - +0 pair of gloves
MR       +++..                  N - +0 pair of boots
Stlth    +.........             e - +2 amulet of reflection
HPRegen  0.38/turn              P - +5 ring of strength
MPRegen  0.22/turn              L - +6 ring of protection

@: lethally poisoned (0 -> -10)
A: icy blue scales 1, molten scales 1, camouflage 1, strong 2
a: Smiting, Recall Orcish Followers, Renounce Religion


You were on level 3 of the Elven Halls.
You worshipped Beogh.
Beogh was greatly pleased with you.
You were very hungry.

You visited 5 branches of the dungeon, and saw 27 of its levels.
You also visited: Gauntlet and Ice Cave.

You collected 2718 gold pieces.
You spent 1837 gold pieces at shops.

Inventory:

Hand Weapons
 q - a +3 battleaxe of chopping (weapon)
 F - the +1 trident "Inigg" {holy, rN+}
   (You took it off a spriggan on level 3 of the Lair of Beasts)

   It has been blessed by the Shining One to cause great damage to the undead
   and demons.
   It protects you from negative energy.
 J - a +3 glaive of freezing
 U - the +1 long sword of Conflict {flame, MR+ Dex+8}
   (You found it in an ice cave)

   It has been specially enchanted to burn those struck by it, causing extra
   injury to most foes and up to half again as much damage against particularly
   susceptible opponents.
   Big, fiery blades are also staple armaments of hydra-hunters.
   It affects your dexterity (+8).
   It affects your resistance to hostile enchantments.
Armour
 z - a scarf of cloud immunity (worn)
 G - a +3 scale mail of magic resistance (worn)
 N - a +0 pair of boots (worn)
 O - a +0 pair of gloves (worn)
 W - a +2 hat of magic resistance (worn)
 Z - a +1 cloak
Jewellery
 e - a +2 amulet of reflection (around neck)
 g - an uncursed ring of fire
 t - a +2 ring of evasion
 A - an uncursed ring of poison resistance
 B - an uncursed ring of protection from fire
 K - an uncursed ring of protection from magic
 L - a +6 ring of protection (right hand)
 P - a +5 ring of strength (left hand)
 V - an uncursed ring of see invisible
Wands
 l - a wand of iceblast (20)
 w - a wand of scattershot (17)
 C - a wand of digging (19)
 H - a wand of clouds (5)
 Q - a wand of random effects (27)
 R - a wand of disintegration (48)
 S - a wand of polymorph (22)
 T - a wand of enslavement (6)
 Y - a wand of acid (25)
Scrolls
 a - 8 scrolls of remove curse
 b - a scroll of fear
 h - 4 scrolls of fog
 n - 4 scrolls of amnesia
 r - 14 scrolls of teleportation
 s - 18 scrolls of identify
 u - a scroll of magic mapping
 y - 7 scrolls of enchant armour
 D - 6 scrolls of enchant weapon
 I - 2 scrolls of blinking
Potions
 d - 13 potions of curing
 f - 5 potions of agility
 i - a potion of ambrosia
 j - 5 potions of brilliance
 k - a potion of invisibility
 m - 2 potions of heal wounds
 v - a potion of resistance
 x - 2 potions of might
 E - 4 potions of flight
 X - 4 potions of haste
Miscellaneous
 o - a phial of floods
 p - a sack of spiders
 M - a lightning rod (inert)
Comestibles
 c - 38 rations


   Skills:
 + Level 19.2 Fighting
 - Level 20.0 Axes
 - Level 10.0 Armour
 - Level 3.0 Dodging
 - Level 1.5 Stealth
 + Level 20.9 Invocations
 + Level 4.2 Evocations


You had 16 spell levels left.
You didn't know any spells.
Your spell library contained the following spells:

 Spells                   Type           Power        Failure   Level  Hunger
 Animate Skeleton         Necr           N/A          56%         1    ##.....
 Beastly Appendage        Tmut           #.....       56%         1    ##.....
 Confusing Touch          Hex            #.....       56%         1    ##.....
 Corona                   Hex            #......      56%         1    ##.....
 Magic Dart               Conj           #...         56%         1    ##.....
 Pain                     Necr           #...         56%         1    ##.....
 Summon Butterflies       Summ           #.......     56%         1    ##.....
 Call Imp                 Summ           #.......     71%         2    ###....
 Corpse Rot               Necr           N/A          71%         2    ###....
 Ensorcelled Hibernation  Hex/Ice        #.....       71%         2    ###....
 Searing Ray              Conj           #.....       71%         2    ###....
 Sticks to Snakes         Tmut           #.......     71%         2    ###....
 Confuse                  Hex            #.......     90%         3    ####...
 Dazzling Spray           Conj/Hex       #.....       90%         3    ####...
 Gell's Gravitas          Tloc           #.........   90%         3    ####...
 Recall                   Summ/Tloc      N/A          90%         3    ####...
 Regeneration             Chrm/Necr      #.........   90%         3    ####...
 Spider Form              Tmut/Pois      #.........   90%         3    ####...
 Stone Arrow              Conj/Erth      #.....       90%         3    ####...
 Summon Guardian Golem    Hex/Summ       #.......     90%         3    ####...
 Tukima's Dance           Hex            #.......     90%         3    ####...
 Vampiric Draining        Necr           #.........   90%         3    ####...
 Animate Dead             Necr           N/A          100%        4    #####..
 Force Lance              Conj/Tloc      #.......     100%        4    #####..
 Fulminant Prism          Conj/Hex       #.........   100%        4    #####..
 Ice Form                 Ice/Tmut       #.......     100%        4    #####..
 Iskenderun's Mystic Bla  Conj           #.......     100%        4    #####..
 Leda's Liquefaction      Hex/Erth       #.........   100%        4    #####..
 Petrify                  Tmut/Erth      #.......     100%        4    #####..
 Blade Hands              Tmut           #.........   100%        5    ######.
 Metabolic Englaciation   Hex/Ice        #.........   100%        5    ######.
 Summon Forest            Summ/Tloc      #.........   100%        5    ######.
 Yara's Violent Unravell  Hex/Tmut       #.........   100%        5    ######.
 Hydra Form               Tmut           #.........   100%        6    #######
 Malign Gateway           Summ/Tloc      #.........   100%        7    #######
 Summon Hydra             Summ           #.........   100%        7    #######


Dungeon Overview and Level Annotations

Branches:
Dungeon (15/15)            Temple (1/1) D:5            Lair (6/6) D:9
 Shoals (0/4) Lair:4        Snake (0/4) Lair:4        Slime (0/5) Lair:5
    Orc (2/2) D:10            Elf (3/3) Orc:2        Vaults (0/5) D:13
 Depths (0/5) D:15

Altars:
Ashenzari
Cheibriados
Dithmenos
Elyvilon
Fedhas
Gozag
Hepliaklqana
Kikubaaqudgha
Makhleb
Nemelex Xobeh
Okawaru
Qazlal
Ru
Sif Muna
Trog
Uskayaw
Vehumet
Wu Jian
Xom
Yredelemnul
Zin
The Shining One
Beogh
Jiyva

Shops:
D:7 (*[!   D:10 *   Orc:2 [*}[   Elf:1 [:   Elf:2 *%


Innate Abilities, Weirdness & Mutations

You are partially covered in icy blue scales. (AC +2)
You are partially covered in molten scales. (AC +2)
Your skin changes colour to match your surroundings (Stealth+).
Your muscles are very strong. (Str +4)


Message History

Your orc sorcerer barely misses the deep elf elementalist.
The deep elf elementalist is engulfed in freezing vapours.
The deep elf elementalist hits you but does no damage.
Boderik hits the deep elf elementalist with the +5 long sword of Xuqiask {flame, rPois Stlth+}!
Boderik burns the deep elf elementalist.
Your orc knight is engulfed in freezing vapours.
A deep elf death mage comes into view. It is wielding a +0 long sword.
Your orc knight is engulfed in freezing vapours.
The deep elf annihilator points at you and mumbles some strange words.
The iron shot hits you!!!
* * * LOW HITPOINT WARNING * * *
* * * LOW HITPOINT WARNING * * *
You feel sick.
The deep elf elementalist is engulfed in freezing vapours.
The deep elf elementalist hits you but does no damage.
Argrim is engulfed in freezing vapours.
Your orc sorcerer is engulfed in freezing vapours.
Your orc sorcerer closely misses the deep elf elementalist.
The deep elf annihilator hits you with a +0 dagger.
You die...

?+ ## #... ##.
#...e #.)
#....##'##
.e...#...#
#........# ..
#......⌠.# ##..
#.....ee.# ....
#....ee@○# ..##
##....e○o# ..#
#..5ooo○# ### ..#
##..5o4o## .......
..# #..34oo)##
.⌠..... ..+
##..o.o3o## .......
.##
##)((.o).###.......
##
##.....)..........
# ##..()...........


You could see a deep elf master archer, 2 deep elf annihilators, a deep elf
elementalist, a deep elf high priest, a deep elf mage, the friendly Boderik the
orc warlord, 4 friendly orc knights, the friendly Argrim the orc knight, the
friendly Nordag the orc knight, the friendly Ortolf the orc knight, the friendly
Olfik the orc high priest, a friendly hellwing, a friendly rust devil, a
friendly smoke demon, a friendly ynoxinul, a friendly orc sorcerer, a friendly
orc warrior, the friendly Bladwarg the orc wizard and 2 friendly ufetubi.

Vanquished Creatures
  A deep elf blademaster (Elf:3)
  Roxanne (D:15)
  2 deep elf sorcerers
  An orc warlord (Orc:1)
  A deep elf demonologist (Elf:3)
  A minotaur (Gauntlet)
  3 deep elf death magi
  Josephine (Lair:4)
  2 deep elf high priests (Elf:3)
  6 hydras
  An ice dragon (D:15)
  4 vault guards (D:13)
  3 centaur warriors
  13 two-headed ogres
  An ogre mage (D:15)
  A catoblepas (Lair:6)
  3 death yaks
  9 dancing weapons
  Urug (Orc:1)
  An orc high priest (Orc:2)
  11 deep elf knights
  A soul eater (Gauntlet)
  An unseen horror (D:11)
  A lindwurm (Lair:6)
  An orc knight (Orc:2)
  8 deep elf archers (Elf:2)
  5 ugly things
  27 deep elf magi
  2 elephants
  A manticore (Lair:6)
  3 centaur zombies
  2 black mambas
  A gargoyle (D:13)
  A moth of wrath (Lair:3)
  9 spiny frogs
  A kobold demonologist (D:15)
  4 yaktaurs (D:15)
  A rime drake (Lair:5)
  2 freezing wraiths (D:15)
  3 komodo dragons
  A polar bear (shapeshifter) (Elf:1)
  2 tengu conjurers
  2 hornets
  2 trolls
  A tyrant leech (Lair:6)
  A raiju (Gauntlet)
  12 blink frogs
  6 hippogriffs
  8 dream sheep (Lair:6)
  An air elemental (Elf:1)
  A centaur simulacrum (Gauntlet)
  3 wraiths
  A human (D:13)
  2 shadows
  3 spriggans (Lair:3)
  4 water elementals
  12 yaks
  2 wyverns
  A vampire (D:14)
  3 steam dragons
  3 fire elementals (Elf:1)
  2 hungry ghosts
  6 vampire mosquitoes
  A warg (Orc:1)
  3 swamp worms (Gauntlet)
  8 water moccasins
  3 soldier ants
  6 porcupines
  8 orc warriors
  A meliai simulacrum (Gauntlet)
  8 ice beasts
  A phantom (D:10)
  4 sky beasts
  A black bear (D:10)
  A necrophage (D:11)
  8 ogres
  2 boggarts (D:15)
  A wolf (Lair:3)
  6 centaurs
  9 crocodiles
  A big kobold (D:11)
  11 bullfrogs
  A spiny frog simulacrum (Gauntlet)
  A troll zombie (D:10)
  5 killer bees (D:9)
  9 wights
  2 howler monkeys
  2 electric eels
  7 crimson imps
  2 wyvern simulacra (Gauntlet)
  3 bullfrog skeletons
  6 centaur skeletons
  6 orc priests
  3 hounds
  3 jellies
  An iguana (D:12)
  6 orc wizards
  5 worker ants
  3 ogre zombies (D:10)
  A hound skeleton (D:5)
  2 worker ant zombies
  Robin (D:4)
  A gnoll (D:3)
  A howler monkey skeleton (D:9)
  11 adders
  4 shadow imps
  An ooze (D:1)
  An adder skeleton (D:8)
  A worm (D:2)
  A dart slug (D:2)
  A leopard gecko (D:2)
  17 orcs
  8 bats
  4 giant cockroaches
  10 hobgoblins
  19 jackals
  3 quokkas
  A ball python (D:7)
  7 frilled lizards
  18 goblins
  A goblin zombie (D:10)
  A hobgoblin zombie (D:10)
  A jackal zombie (D:5)
  11 kobolds
  A leopard gecko skeleton (D:5)
  2 orc skeletons (D:10)
  6 orc zombies (D:10)
  8 rats
  A crawling corpse (Elf:2)
  2 fungi (Lair:6)
  5 plants
520 creatures vanquished.

Vanquished Creatures (collateral kills)
  Nikola (Elf:2)
  Gastronok (Lair:1)
  Aizul (Elf:3)
  3 deep elf demonologists (Elf:3)
  3 deep elf annihilators
  Snorg (D:11)
  A deep elf death mage (Elf:3)
  A fire dragon (D:15)
  A vault guard (D:13)
  The ghost of coffeespoons the Markscentaur, a journeyman CeHu of Okawaru (Lair:3)
  4 hydras
  An ice dragon (D:15)
  A catoblepas (Lair:6)
  2 centaur warriors (D:13)
  4 two-headed ogres
  13 dancing weapons (Elf:2)
  2 ogre magi
  9 death yaks
  3 orc high priests
  An unseen horror (D:13)
  7 deep elf knights (Elf:2)
  3 deep elf archers
  27 deep elf magi
  2 orc knights (Orc:2)
  A manticore (D:15)
  An ugly thing (D:11)
  A cyclops (Orc:1)
  A merfolk siren (Lair:4)
  7 elephants
  4 black mambas
  2 centaur skeletons
  18 spiny frogs
  A rime drake (Lair:6)
  A yaktaur (D:15)
  A kobold demonologist (D:15)
  An efreet (D:15)
  4 komodo dragons
  A harpy zombie (D:15)
  A tengu conjurer (D:15)
  3 hornets
  3 tyrant leeches (Lair:6)
  Grinder (D:6)
  3 dream sheep (Lair:6)
  14 blink frogs
  4 hippogriffs
  3 wraiths
  4 spriggans
  4 yaks
  2 water elementals (D:15)
  A wyvern (D:11)
  A fire elemental (Elf:2)
  3 basilisks
  3 hungry ghosts
  3 vampire mosquitoes
  A two-headed ogre zombie (D:10)
  12 water moccasins
  5 porcupines
  6 orc warriors
  4 ice beasts
  A phantom (D:10)
  2 sky beasts
  A black bear (D:10)
  3 boggarts (D:15)
  3 ogres
  8 wolves
  2 centaurs
  11 crocodiles
  23 bullfrogs
  An earth elemental (Elf:2)
  A wyvern skeleton (D:10)
  2 troll zombies (D:10)
  A killer bee (D:9)
  6 wights
  2 electric eels (D:15)
  3 crimson imps
  2 quasits
  3 centaur zombies
  A bullfrog skeleton (D:7)
  4 hounds
  A jelly (D:10)
  4 orc priests
  11 orc wizards
  2 iguanas
  4 worker ants
  An ogre zombie (D:10)
  2 hound skeletons
  4 adders
  A shadow imp (D:9)
  A worm (D:8)
  A leopard gecko (D:11)
  16 orcs
  A quokka (D:10)
  A goblin skeleton (D:10)
  3 goblin zombies (D:10)
  2 hobgoblin zombies (D:10)
  2 orc skeletons (D:10)
  7 orc zombies (D:10)
  2 bushes
  A crawling corpse (Elf:2)
  10 fungi
  26 plants
401 creatures vanquished.

Vanquished Creatures (others)
  An orc high priest (D:15)
  4 orc knights
  3 deep elf knights (Elf:2)
  A deep elf mage (Elf:1)
  4 orc sorcerers
  14 orc warriors
  3 orc wizards
  9 orc priests
  2 gnolls (D:3)
  37 orcs
  A goblin (D:3)
  A hobgoblin (D:3)
  4 bushes (Lair:6)
  2 fire vortices
  22 fungi
  56 plants
164 creatures vanquished.

Grand Total: 1085 creatures vanquished

Notes
Turn   | Place    | Note
-------+----------+-------------------------------------------
     0 | D:1      | Kold the Hill Orc Monk began the quest for the Orb.
     0 | D:1      | Reached XP level 1. HP: 19/19 MP: 1/1
   382 | D:1      | Reached XP level 2. HP: 6/27 MP: 2/2
   914 | D:1      | Reached XP level 3. HP: 24/33 MP: 3/3
  1189 | D:2      | Reached skill level 5 in Axes
  1754 | D:2      | Reached XP level 4. HP: 34/40 MP: 4/4
  1906 | D:3      | HP: 2/40 [poisoned by an adder]
  2236 | D:3      | Found a radiant altar of Vehumet.
  2355 | D:3      | Became a worshipper of Beogh the Brigand
  2355 | D:3      | Reached * piety under Beogh
  2355 | D:3      | Reached ** piety under Beogh
  2375 | D:3      | Reached XP level 5. HP: 45/46 MP: 5/5
  2466 | D:3      | Found a shimmering altar of Xom.
  2799 | D:3      | Found a stormy altar of Qazlal.
  3129 | D:4      | Found a blossoming altar of Fedhas.
  3202 | D:4      | Reached XP level 6. HP: 51/52 MP: 6/6
  3448 | D:4      | Found a shattered altar of Ashenzari.
  4045 | D:4      | Noticed Robin
  4053 | D:4      | Reached *** piety under Beogh
  4065 | D:4      | Killed Robin
  4207 | D:4      | Reached XP level 7. HP: 59/59 MP: 7/7
  4426 | D:5      | Entered Level 5 of the Dungeon
  4517 | D:5      | Found an opulent altar of Gozag.
  4531 | D:5      | Reached skill level 1 in Armour
  4552 | D:5      | Reached skill level 10 in Axes
  4688 | D:5      | Found a staircase to the Ecumenical Temple.
  4699 | Temple   | Entered the Ecumenical Temple
  5216 | D:6      | Noticed Grinder
  5217 | D:6      | Paralysed by Grinder for 4 turns
  5228 | D:6      | Paralysed by Grinder for 7 turns
  5230 | D:6      | Killed Grinder
  5331 | D:6      | Reached XP level 8. HP: 66/66 MP: 8/8
  6014 | D:7      | Found Anlar's Weapon Emporium.
  6018 | D:7      | Found Xyarche's Distillery.
  6038 | D:7      | Found Miamiodil's Antique Armour Emporium.
  6038 | D:7      | Found Juitowk's Assorted Antiques.
  6044 | D:7      | Bought a pair of gloves for 148 gold pieces
  6047 | D:7      | Bought a potion of curing for 42 gold pieces
  6163 | D:7      | Found a hazy altar of Hepliaklqana.
  6256 | D:7      | Reached skill level 5 in Armour
  6485 | D:7      | Reached **** piety under Beogh
  6518 | D:7      | Reached XP level 9. HP: 71/71 MP: 9/9
  6975 | D:8      | Found a deep blue altar of Sif Muna.
  7015 | D:8      | Gained Bogfrid as an ally
  7307 | D:8      | Found a snail-covered altar of Cheibriados.
  7502 | D:8      | Found a glowing golden altar of the Shining One.
  7628 | D:8      | Noticed a hornet
  7635 | D:8      | Killed a hornet
  7706 | D:8      | Noticed a hornet
  7714 | D:8      | Killed a hornet
  7714 | D:8      | Reached XP level 10. HP: 75/78 MP: 10/10
  7722 | D:8      | Reached skill level 15 in Axes
  7785 | D:8      | Noticed a two-headed ogre
  7792 | D:8      | Killed a two-headed ogre
  8523 | D:9      | Found a staircase to the Lair.
  8633 | D:9      | Noticed a two-headed ogre
  8644 | D:9      | Killed a two-headed ogre
  8709 | D:9      | Found a glowing silver altar of Zin.
  8814 | D:9      | Found a burning altar of Makhleb.
  8848 | D:9      | Found a hide-covered altar of Uskayaw.
  8914 | D:9      | Reached skill level 1 in Invocations
  9125 | D:10     | Entered Level 10 of the Dungeon
  9129 | D:10     | Found a staircase to the Orcish Mines.
  9144 | D:10     | Reached ***** piety under Beogh
  9161 | D:10     | Gained Ugrim as an ally
  9332 | D:10     | Upgraded the game from 0.23-b1-70-gd12f7cf to
                  | 0.23-b1-84-g6588a6b
  9336 | D:10     | Found Xaf Qinn's General Store.
  9368 | D:10     | Bought a potion of mutation for 112 gold pieces
  9368 | D:10     | Gained mutation: Your system is resistant to poisons.
                  | (rPois) [potion of mutation]
  9368 | D:10     | Gained mutation: You have a pair of small antennae on your
                  | head. [potion of mutation]
  9368 | D:10     | Gained mutation: You are partially covered in molten
                  | scales. (AC +2) [potion of mutation]
  9370 | D:10     | Lost mutation: You have a pair of small antennae on your
                  | head. [potion of mutation]
  9370 | D:10     | Lost mutation: Your system is resistant to poisons. (rPois)
                  | [potion of mutation]
  9370 | D:10     | Gained mutation: Your muscles are strong. (Str +2) [potion
                  | of mutation]
  9370 | D:10     | Gained mutation: Your magical capacity is low. (-10% MP)
                  | [potion of mutation]
  9370 | D:10     | Gained mutation: You are somewhat resistant to further
                  | mutation. [potion of mutation]
  9371 | D:10     | Lost mutation: Your magical capacity is low. (-10% MP)
                  | [potion of mutation]
  9371 | D:10     | Lost mutation: You are somewhat resistant to further
                  | mutation. [potion of mutation]
  9371 | D:10     | Lost mutation: You are partially covered in molten scales.
                  | (AC +2) [potion of mutation]
  9371 | D:10     | Gained mutation: Your skin changes colour to match your
                  | surroundings (Stealth+). [potion of mutation]
  9371 | D:10     | Gained mutation: You are resistant to electric shocks.
                  | (rElec) [potion of mutation]
  9371 | D:10     | Gained mutation: Scrolls take you a little longer to read.
                  | [potion of mutation]
  9371 | D:10     | Gained mutation: Your muscles are very strong. (Str +4)
                  | [potion of mutation]
  9372 | D:10     | Lost mutation: You are resistant to electric shocks.
                  | (rElec) [potion of mutation]
  9372 | D:10     | Lost mutation: Scrolls take you a little longer to read.
                  | [potion of mutation]
  9372 | D:10     | Gained mutation: You are partially covered in icy blue
                  | scales. (AC +2) [potion of mutation]
  9372 | D:10     | Gained mutation: You are partially covered in molten
                  | scales. (AC +2) [potion of mutation]
  9643 | D:10     | Reached skill level 5 in Invocations
  9648 | D:10     | Reached XP level 11. HP: 75/84 MP: 14/14
 10027 | D:10     | Upgraded the game from 0.23-b1-84-g6588a6b to 0.23.0
 10080 | D:10     | Reached skill level 10 in Armour
 10301 | Lair:1   | Entered Level 1 of the Lair of Beasts
 10340 | Lair:1   | Noticed Gastronok
 10359 | Lair:1   | Killed Gastronok
 10359 | Lair:1   | Reached skill level 5 in Fighting
 11267 | Lair:2   | Noticed a four-headed hydra
 11271 | Lair:2   | Killed a four-headed hydra
 11534 | Lair:2   | Noticed a six-headed hydra
 11541 | Lair:2   | Killed a six-headed hydra
 12037 | Lair:3   | Found a transporter.
 12037 | Lair:3   | Noticed a moth of wrath
 12064 | Lair:3   | Found a bloodstained altar of Trog.
 12064 | Lair:3   | Noticed coffeespoons's ghost (journeyman CeHu)
 12074 | Lair:3   | Identified the +1 trident "Inigg" {holy, rN+}
 12074 | Lair:3   | Noticed a spriggan rider
 12075 | Lair:3   | Found a transporter.
 12114 | Lair:3   | Killed a moth of wrath
 12120 | Lair:3   | Your ally Bogfrid died
 12124 | Lair:3   | Reached skill level 10 in Invocations
 12132 | Lair:3   | Killed coffeespoons's ghost
 12132 | Lair:3   | Reached XP level 12. HP: 87/103 MP: 17/19
 12267 | Lair:3   | Noticed a four-headed hydra
 12275 | Lair:3   | Killed a five-headed hydra
 12866 | Lair:4   | Noticed a death yak
 12866 | Lair:4   | Noticed a death yak
 12866 | Lair:4   | Noticed a death yak
 12866 | Lair:4   | Noticed a death yak
 12868 | Lair:4   | Noticed a death yak
 12873 | Lair:4   | Noticed a four-headed hydra
 12878 | Lair:4   | Killed a four-headed hydra
 12878 | Lair:4   | Reached skill level 10 in Fighting
 12903 | Lair:4   | Found a staircase to the Shoals.
 12947 | Lair:4   | Killed a death yak
 12955 | Lair:4   | Killed a death yak
 12961 | Lair:4   | Killed a death yak
 12964 | Lair:4   | Killed a death yak
 12985 | Lair:4   | Killed a death yak
 13363 | Lair:4   | Got a shimmering long sword
 13364 | Lair:4   | Identified the +5 long sword of Xuqiask {flame, rPois
                  | Stlth+} (You found it on level 4 of the Lair of Beasts)
 13370 | Lair:4   | Found a staircase to the Snake Pit.
 13383 | Lair:4   | Noticed an eight-headed hydra
 13422 | Lair:4   | Noticed Josephine
 13433 | Lair:4   | Killed Josephine
 13433 | Lair:4   | Reached XP level 13. HP: 69/118 MP: 15/23
 14062 | Lair:5   | Found a staircase to the Slime Pits.
 14063 | Lair:5   | Found a viscous altar of Jiyva.
 14545 | Lair:5   | Your ally Ugrim died
 15045 | Lair:6   | Entered Level 6 of the Lair of Beasts
 15046 | Lair:6   | Upgraded the game from 0.23.0 to 0.23.0-2-g0fe3ce5
 15129 | Lair:6   | Reached skill level 15 in Invocations
 15853 | Lair:5   | Upgraded the game from 0.23.0-2-g0fe3ce5 to
                  | 0.23.0-3-gf3c87f2
 15853 | Lair:5   | Upgraded the game from 0.23.0-3-gf3c87f2 to
                  | 0.23.0-33-g5e6c059
 16043 | Lair:6   | Reached XP level 14. HP: 62/133 MP: 10/26
 16815 | Lair:6   | Reached skill level 15 in Fighting
 17468 | Lair:6   | Gained Boderik as an ally
 17906 | D:10     | Bought a +2 amulet of reflection for 105 gold pieces
 18055 | D:7      | Bought a glowing scarf for 240 gold pieces
 18063 | D:7      | Bought a +1 battleaxe of freezing for 224 gold pieces
 18151 | D:11     | Found a frozen archway.
 18156 | IceCv    | Entered an ice cave
 18172 | IceCv    | Found a transporter.
 18187 | IceCv    | Got a polished long sword
 18481 | IceCv    | Identified the +1 long sword of Conflict {flame, MR+ Dex+8}
                  | (You found it in an ice cave)
 18483 | IceCv    | Found a transporter.
 18736 | D:11     | Noticed Snorg
 19482 | D:11     | Killed Snorg
 20331 | D:12     | Got an ichor-stained great mace
 20344 | D:12     | Identified the +3 great mace "Ufripoig" {chaos, rC+ Dex+3}
                  | (You found it on level 12 of the Dungeon)
 20648 | D:13     | Gained Nordag as an ally
 20892 | D:13     | Reached XP level 15. HP: 113/141 MP: 27/27
 21190 | D:13     | Found a gate to the Vaults.
 21205 | D:13     | Gained Argrim as an ally
 22038 | D:14     | Found a sparkling altar of Nemelex Xobeh.
 22487 | D:15     | Entered Level 15 of the Dungeon
 22591 | D:15     | Found a staircase to the Depths.
 22642 | D:15     | Identified Roxanne's Almanac of the Rocks
 22642 | D:15     | Noticed Roxanne
 22648 | D:15     | Killed Roxanne
 22652 | D:15     | Found a gate leading to a gauntlet.
 22672 | Gauntlet | Entered a Gauntlet
 22672 | Gauntlet | Found a large runed translucent door.
 22672 | Gauntlet | Found a large runed translucent door.
 22672 | Gauntlet | Found a large runed translucent door.
 22672 | Gauntlet | Found a large runed translucent door.
 22672 | Gauntlet | Found a runed translucent door.
 22672 | Gauntlet | Found a large runed translucent door.
 22672 | Gauntlet | Found a large runed translucent door.
 22672 | Gauntlet | Found a transporter.
 22672 | Gauntlet | Found a transporter.
 22672 | Gauntlet | Found a large runed translucent door.
 22672 | Gauntlet | Found a large runed translucent door.
 22672 | Gauntlet | Found a runed translucent gate.
 22672 | Gauntlet | Found a runed translucent gate.
 22672 | Gauntlet | Found a transporter.
 22682 | Gauntlet | Found a transporter.
 22696 | Gauntlet | Found a transporter.
 22709 | Gauntlet | Found a transporter.
 22719 | Gauntlet | Found a transporter.
 22736 | Gauntlet | Found a transporter.
 22742 | Gauntlet | Found a transporter.
 22756 | Gauntlet | Found a transporter.
 22775 | Gauntlet | Found a transporter.
 22781 | Gauntlet | Found a runed translucent gate.
 22782 | Gauntlet | Found a large runed translucent door.
 22782 | Gauntlet | Found a large runed translucent door.
 22783 | Gauntlet | Found a large runed translucent door.
 22784 | Gauntlet | Found a large runed translucent door.
 22785 | Gauntlet | Found a large runed translucent door.
 22785 | Gauntlet | Found a large runed translucent door.
 22785 | Gauntlet | Found a runed translucent door.
 22786 | Gauntlet | Found a large runed translucent door.
 22787 | Gauntlet | Found a large runed translucent door.
 22826 | Gauntlet | Found a transporter.
 23277 | Gauntlet | Identified the +7 morningstar "Jelly's Curse" {crush,
                  | Str+3}
 23345 | D:15     | Upgraded the game from 0.23.0-33-g5e6c059 to 0.23.1
 24681 | Orc:1    | Entered Level 1 of the Orcish Mines
 24694 | Orc:1    | Noticed an orc warlord
 24706 | Orc:1    | Killed an orc warlord
 25181 | Orc:1    | Noticed Urug
 25193 | Orc:1    | Killed Urug
 25533 | Orc:2    | Entered Level 2 of the Orcish Mines
 25658 | Orc:2    | Found a roughly hewn altar of Beogh.
 25694 | Orc:2    | Found a staircase to the Elven Halls.
 25773 | Orc:2    | Gained Ortolf as an ally
 25903 | Orc:2    | Reached XP level 16. HP: 69/152 MP: 29/29
 25921 | Orc:2    | Found Luz Miho's Armour Shop.
 25921 | Orc:2    | Found Onenkomi's Gadget Emporium.
 25923 | Orc:2    | Found Ijok's Assorted Antiques.
 25923 | Orc:2    | Found Ceagacao's Armour Emporium.
 25954 | Orc:2    | Bought a glowing helmet for 292 gold pieces
 25954 | Orc:2    | Bought a scroll of enchant armour for 292 gold pieces
 25954 | Orc:2    | Bought a scroll of enchant armour for 292 gold pieces
 26279 | Elf:1    | Entered Level 1 of the Elven Halls
 26362 | Elf:1    | Identified Elian's Disquisition on Creation
 26626 | Elf:1    | Found Tiypeuno's Book Shoppe.
 26628 | Elf:1    | Found Xihazeog's Antique Armour Emporium.
 27596 | Elf:2    | Gained Arbeogh as an ally
 27738 | Elf:2    | Upgraded the game from 0.23.1 to 0.23.2-1-ga50397a
 27768 | Elf:2    | Found Tiku Roc's Food Shop.
 27843 | Elf:2    | Gained Judas as an ally
 28286 | Elf:2    | Noticed Nikola
 28293 | Elf:2    | Killed Nikola
 28304 | Elf:2    | Your ally Arbeogh died
 28820 | Elf:2    | Found a runed translucent gate.
 28820 | Elf:2    | Found a runed translucent gate.
 28820 | Elf:2    | Found a runed translucent gate.
 29090 | Elf:2    | Found Dammer's General Store.
 29108 | Elf:2    | Gained Olfik as an ally
 29121 | Elf:2    | Reached XP level 17. HP: 53/166 MP: 31/31
 29898 | Elf:2    | Reached skill level 1 in Evocations
 29920 | Elf:2    | Your ally Judas died
 30280 | Elf:2    | Gained Bladwarg as an ally
 30383 | Elf:2    | Bought a scroll of silence for 90 gold pieces
 30489 | Elf:3    | Entered Level 3 of the Elven Halls
 30611 | Elf:3    | Noticed Aizul
 30626 | Elf:3    | Killed Aizul
 30927 | Elf:3    | Noticed a deep elf blademaster
 30942 | Elf:3    | Killed a deep elf blademaster
 30960 | Elf:3    | Noticed a deep elf master archer
 30963 | Elf:3    | HP: 4/168 [deep elf annihilator/iron shot (49)]
 30964 | Elf:3    | Slain by a deep elf annihilator

Skill      XL: |  1  2  3  4  5  6  7  8  9 10 11 12 13 14 15 16 17 |
---------------+----------------------------------------------------+-----
Fighting       | 4 8 12 14 15 16 18 19 | 19.2
Axes           | 5 6 7 9 10 12 14 16 18 20 | 20.0
Dodging        | 3 |  3.0
Armour         | 2 5 7 9 10 | 10.0
Invocations    | 5 10 13 16 17 18 20 | 20.9
Evocations     | 4 |  4.2
Stealth        | |  1.5

Action                   |  1- 3 |  4- 6 |  7- 9 | 10-12 | 13-15 | 16-18 || total
-------------------------+-------+-------+-------+-------+-------+-------++-------
Melee: Hand axe          |   126 |   159 |   285 |   555 |    55 |       ||  1180
       War axe           |       |       |       |       |   223 |       ||   223
       Battleaxe         |       |       |       |       |   481 |   278 ||   759
Invok: Convert to Beogh  |       |     1 |       |       |       |       ||     1
       Smiting           |       |       |     1 |    20 |    54 |    16 ||    91
       Give Item to Name |       |       |       |     2 |     3 |     2 ||     7
       Recall Orcish Fol |       |       |       |     8 |     1 |     2 ||    11
       Stop Recall       |       |       |       |     2 |       |       ||     2
Evoke: Lightning rod     |       |       |       |       |       |     4 ||     4
       Wand              |       |       |       |       |       |     3 ||     3
       Sack of spiders   |       |       |       |       |       |     2 ||     2
       Phial of floods   |       |       |       |       |       |     1 ||     1
  Use: Potion            |       |     1 |       |     8 |    11 |     4 ||    24
       Scroll            |       |       |     2 |     5 |    14 |     2 ||    23
 Stab: Sleeping          |     7 |     6 |       |     1 |     1 |     1 ||    16
       Distracted        |       |       |     4 |     9 |    19 |     3 ||    35
  Eat: Chunk             |     3 |     4 |    16 |    26 |    33 |     1 ||    83
       Ration            |       |     1 |     1 |       |     2 |     4 ||     8
Armor: Robe              |    33 |    16 |       |       |       |       ||    49
       Scale mail        |       |     1 |   105 |   270 |   468 |   118 ||   962
Dodge: Dodged            |   109 |   103 |   125 |   265 |   351 |    88 ||  1041
Block: Other             |       |       |       |       |    20 |     9 ||    29
       Reflection        |       |       |       |       |     4 |     2 ||     6
